 Dungeon Crawl Stone Soup version 0.20-a0-433-g9e36e56 (webtiles) character file.

1761 RumaTero the Scholar of Death (level 8, -5/52 HPs)
             Began as a Mummy Necromancer on Jan 1, 2017.
             Was a Follower of Kikubaaqudgha.
             Slain by a wight
             ... wielding a cursed +0 halberd
              (11 damage)
             ... on level 7 of the Dungeon on Jan 3, 2017.
             The game lasted 00:34:00 (8137 turns).

RumaTero the Scholar of Death (Mummy Necromancer)   Turns: 8137, Time: 00:34:00

Health: -5/52      AC:  3    Str: 11    XL:     8   Next: 79%
Magic:  6/6        EV: 12    Int: 17    God:    Kikubaaqudgha [*.....]
Gold:   302        SH:  0    Dex: 12    Spells: 13/22 levels left

rFire  x . .     SeeInvis .     b - +7 long sword of Spite {antimagic, rN+}
rCold  + . .     Gourm    .     d - +0 robe
rNeg   + + +     Faith    .     (no shield)
rPois  ∞         Spirit   .     l - +0 helmet (curse)
rElec  .         Reflect  .     (no cloak)
rCorr  .         Harm     .     (no gloves)
MR     +....     Rnd*Tele +     (no boots)
Stlth  ++........               (no amulet)
                                (no ring)
                                f - ring of teleportation (curse)

@: no status effects
A: no food or potions, fire vulnerability, cold resistance 1, negative energy
resistance 3, torment resistance, unbreathing
a: Receive Corpses, Renounce Religion


You were on level 7 of the Dungeon.
You worshipped Kikubaaqudgha.
Kikubaaqudgha was aware of your devotion.
You were not hungry.

You visited 2 branches of the dungeon, and saw 8 of its levels.

You collected 302 gold pieces.

Inventory:

Hand Weapons
 a - a +1 whip of pain
 b - the +7 long sword of Spite (weapon) {antimagic, rN+}
   (You found it on level 4 of the Dungeon)

   It reduces the magical energy of the wielder, and disrupts the spells and
   magical abilities of those hit.
   Natural abilities and divine invocations are not affected.
   It protects you from negative energy.
Armour
 d - a +0 robe (worn)
 l - a cursed +0 helmet (worn)
 n - a +0 helmet
Jewellery
 f - a cursed ring of teleportation (left hand)
Wands
 g - a wand of iceblast (0/15)
 h - a wand of random effects (17/48)
Scrolls
 c - a scroll of immolation
 e - a scroll of blinking
 i - 3 scrolls of fear
 j - a scroll of teleportation
 m - a scroll of magic mapping
 q - a scroll of remove curse {unknown}
Books
 k - a book of Necromancy

   Spells                             Type                      Level
   a - Pain                           Necromancy                   1
   b - Animate Skeleton               Necromancy                   1
   c - Vampiric Draining              Necromancy                   3
   d - Regeneration                   Charms/Necromancy            3
   e - Animate Dead                   Necromancy                   4
   f - Control Undead                 Necromancy                   4
 o - a book of Cantrips

   Spells                             Type                      Level
   a - Confusing Touch                Hexes                        1
   b - Animate Skeleton               Necromancy                   1
   c - Summon Small Mammal            Summoning                    1
   d - Apportation                    Translocation                1
 p - a book of Frost

   Spells                             Type                      Level
   a - Freeze                         Ice                          1
   b - Throw Frost                    Conjuration/Ice              2
   c - Ozocubu's Armour               Charms/Ice                   3
   d - Throw Icicle                   Conjuration/Ice              4
   e - Summon Ice Beast               Ice/Summoning                4
 r - Kikubaaqudgha's Incunabulum of Unholy Secrets
   (Kikubaaqudgha gifted it to you on level 7 of the Dungeon)

   Spells                             Type                      Level
   a - Animate Skeleton               Necromancy                   1
   b - Pain                           Necromancy                   1
   c - Corpse Rot                     Necromancy                   2
   d - Vampiric Draining              Necromancy                   3
   e - Control Undead                 Necromancy                   4


   Skills:
 + Level 4.7 Maces & Flails
 - Level 1.5 Dodging
 - Level 1.5 Stealth
 + Level 7.8 Spellcasting
 + Level 8.5 Necromancy


You had 13 spell levels left.
You knew the following spells:

 Your Spells              Type           Power        Failure   Level  Hunger
a - Pain                  Necr           ####         1%          1    N/A
b - Animate Skeleton      Necr           N/A          1%          1    N/A
c - Vampiric Draining     Necr           #####.....   1%          3    N/A
d - Animate Dead          Necr           N/A          3%          4    N/A

Dungeon Overview and Level Annotations

Branches:
Dungeon (7/15)             Temple (1/1) D:5

Altars:
Ashenzari
Cheibriados
Dithmenos
Elyvilon
Fedhas
Gozag
Hepliaklqana
Kikubaaqudgha
Makhleb
Nemelex Xobeh
Okawaru
Qazlal
Ru
Sif Muna
Trog
Uskayaw
Vehumet
Xom
Yredelemnul
Zin
The Shining One

Annotations:
D:2 exclusion: downstairs
D:4 exclusion: downstairs
D:5 WobbleTop's ghost, novice OpSk
D:6 exclusion: downstairs


Innate Abilities, Weirdness & Mutations

You do not eat or drink.
Your flesh is vulnerable to fire.
You are immune to poison.
Your flesh is cold resistant. (rC+)
You are immune to negative energy. (rN+++)
You are immune to unholy pain and torment.
You can survive without breathing.


Message History

The wight is lightly damaged.
The wight completely misses you.
You riposte.
You hit the wight but do no damage.
The wight is lightly damaged.
You hit the wight but do no damage.
The wight is lightly damaged.
The wight closely misses you.
You riposte.
You slash the wight!
The wight is heavily damaged.
The wight hits you with a halberd!
You hit the wight but do no damage.
The wight is heavily damaged.
The wight hits you with a halberd!
* * * LOW HITPOINT WARNING * * *
You completely miss the wight.
The wight is heavily damaged.
The wight hits you with a halberd!
* * * LOW HITPOINT WARNING * * *
The wight hits you from afar with a halberd!
You die...
Kikubaaqudgha rasps: "You have failed me!
Welcome... oblivion!"

#.....# #.....#
#..#<###
####..##.## #
.....###..### .%.
............##....
#########.........
##..##... ##@# #
#)# #z# #.# #.#
#.# #.# ..# ..#


You could see a wight.

Vanquished Creatures
  A hungry ghost (D:6)
  A water moccasin (D:5)
  A sky beast (D:6)
  An orc warrior (D:6)
  An ogre (D:4)
  2 bullfrogs
  2 scorpions
  3 wights
  2 crimson imps
  A centaur zombie (D:7)
  3 hounds
  A jelly (D:6)
  2 bullfrog skeletons
  An orc priest (D:4)
  2 iguanas
  2 worker ants
  9 orc wizards
  A worker ant zombie (D:7)
  6 adders
  4 gnolls (D:6)
  3 worms
  A dart slug (D:2)
  8 leopard geckos
  39 orcs
  3 giant cockroaches
  9 hobgoblins
  6 jackals
  3 quokkas
  3 ball pythons
  3 bats (D:3)
  2 frilled lizards (D:1)
  3 goblins
  7 kobolds
  A leopard gecko skeleton (D:6)
  A quokka skeleton (D:6)
  8 rats
146 creatures vanquished.

Vanquished Creatures (collateral kills)
  An adder (D:3)
  A dart slug (D:2)
  2 goblins
  2 hobgoblins
  A rat (D:2)
7 creatures vanquished.

Grand Total: 153 creatures vanquished

Notes
Turn   | Place    | Note
-------+----------+-------------------------------------------
     0 | D:1      | RumaTero the Mummy Necromancer began the quest for the Orb.
     0 | D:1      | Reached XP level 1. HP: 13/13 MP: 4/4
   472 | D:1      | Learned a level 1 spell: Animate Skeleton
   587 | D:1      | Reached XP level 2. HP: 19/19 MP: 5/5
  1218 | D:2      | Reached XP level 3. HP: 20/24 MP: 2/7
  1338 | D:2      | Reached skill level 1 in Maces & Flails
  1714 | D:2      | Reached XP level 4. HP: 30/30 MP: 6/9
  1719 | D:2      | Learned a level 3 spell: Vampiric Draining
  1944 | D:3      | Reached skill level 5 in Necromancy
  3077 | D:3      | Noticed a bullfrog
  3087 | D:3      | Killed a bullfrog
  3087 | D:3      | Reached XP level 5. HP: 14/35 MP: 7/11
  3398 | D:3      | Learned a level 4 spell: Animate Dead
  3670 | D:4      | Noticed an ogre
  3855 | D:4      | Reached XP level 6. HP: 41/41 MP: 8/12
  4029 | D:4      | Got an iridescent long sword
  4030 | D:4      | Identified the +7 long sword of Spite {antimagic, rN+} (You found it on level 4 of the Dungeon)
  4131 | D:4      | Reached skill level 6 in Necromancy
  4423 | D:4      | Reached skill level 5 in Spellcasting
  4720 | D:4      | Reached XP level 7. HP: 37/46 MP: 4/14
  4834 | D:4      | Found a stormy altar of Qazlal.
  4838 | D:4      | Noticed an air elemental
  4838 | D:4      | Noticed a fire elemental
  4838 | D:4      | Noticed a water elemental
  4874 | D:5      | Entered Level 5 of the Dungeon
  4895 | D:5      | Found a shadowy altar of Dithmenos.
  5022 | D:5      | Noticed WobbleTop's ghost (novice OpSk)
  5180 | D:5      | Reached skill level 7 in Necromancy
  5591 | D:5      | Found a staircase to the Ecumenical Temple.
  5600 | Temple   | Entered the Ecumenical Temple
  5645 | Temple   | Became a worshipper of Kikubaaqudgha
  5678 | Temple   | Upgraded the game from 0.20-a0-427-g8b12978 to 0.20-a0-433-g9e36e56
  5793 | D:4      | HP: 1/46 [phantom (7)]
  6664 | D:6      | Reached XP level 8. HP: 28/52 MP: 4/17
  6793 | D:6      | Found a bloodstained altar of Trog.
  7125 | D:6      | Found a bloodstained altar of Trog.
  7529 | D:6      | Reached skill level 8 in Necromancy
  7914 | D:7      | Reached * piety under Kikubaaqudgha
  7914 | D:7      | Identified Kikubaaqudgha's Incunabulum of Unholy Secrets (Kikubaaqudgha gifted it to you on level 7 of the Dungeon)
  7914 | D:7      | Received a gift from Kikubaaqudgha
  8137 | D:7      | Slain by a wight

Vault maps used:
D:1:      nicolae_arrival_memento_mori
D:2:      first_bread
D:4:      nicolae_qazlal_style_of_elements
D:5:      nicolae_dithmenos_the_darkroom
D:6:      basic_altar, grunt_ministairs_15, trog_three_pillars_becter
Temple:   kilobyte_greek_temple

Skill      XL: |  1  2  3  4  5  6  7  8 |
---------------+-------------------------+-----
Spellcasting   | 3 4 5 6 7 |  7.8
Maces & Flails | 1 2 3 4 |  4.7
Necromancy     | 5 6 7 8 |  8.5
Dodging        | |  1.5
Stealth        | |  1.5

Action                   |  1- 3 |  4- 6 |  7- 9 || total
-------------------------+-------+-------+-------++-------
Melee: Unarmed           |    10 |       |       ||    10
       Whip              |    29 |    35 |    97 ||   161
       Long sword        |       |     8 |    44 ||    52
 Cast: Pain              |    55 |   120 |   106 ||   281
       Animate Skeleton  |    14 |    21 |    26 ||    61
       Vampiric Draining |       |       |     5 ||     5
Evoke: Wand              |       |     3 |       ||     3
  Use: Scroll            |       |     5 |     4 ||     9
 Stab: Sleeping          |     2 |       |     2 ||     4
       Distracted        |       |       |     1 ||     1
Armor: Robe              |     3 |    16 |    39 ||    58
Dodge: Dodged            |    22 |    33 |    83 ||   138
       Rpst.: Long sword |       |       |    13 ||    13
